 Dungeon Crawl Stone Soup version 0.19-a0-1008-g4c63d25 (webtiles) character file.

299 Leszczynek the Cudgeler (level 6, -5/57 HPs)
             Began as an Ogre Venom Mage on July 23, 2016.
             Killed by divine providence
             ... invoked by an orc priest
              (13 damage)
             ... on level 4 of the Dungeon.
             The game lasted 00:16:20 (2582 turns).

Leszczynek the Cudgeler (Ogre Venom Mage)           Turns: 2582, Time: 00:16:21

Health: -5/57      AC:  4    Str: 15 (16) XL:     6   Next: 36%
Magic:  1/9        EV: 10    Int: 11 (14) God:
Gold:   82         SH:  0    Dex:  8 (10) Spells: 1 memorised, 8 levels left

rFire  . . .     SeeInvis .     a - +0 mace
rCold  . . .     Gourm    .     k - +1 robe
rNeg   . . .     Faith    .     (no shield)
rPois  +         Spirit   .     (helmet restricted)
rElec  .         Dismiss  .     (no cloak)
rCorr  .         Reflect  .     (gloves unavailable)
SustAt .         Harm     .     (boots unavailable)
MR     .....                    (no amulet)
Stlth  +.........               (no ring)
                                o - ring of poison resistance

@: not resistant to hostile enchantments, very unstealthy
A: unfitting armour, tough skin 1
a: no special abilities


You were on level 4 of the Dungeon.
You were very hungry.

You visited 1 branch of the dungeon, and saw 4 of its levels.

You collected 82 gold pieces.

Inventory:

Hand Weapons
 a - a +0 mace (weapon)
Missiles
 f - 16 sling bullets
 q - 2 needles of paralysis
Armour
 k - a +1 robe (worn)
Jewellery
 o - a ring of poison resistance (left hand)
Wands
 m - a wand of random effects (11/48)
Scrolls
 i - a scroll of enchant armour
 j - a scroll of random uselessness
Books
 b - a Young Poisoner's Handbook

   Spells                             Type                      Level
   a - Sting                          Conjuration/Poison           1
   b - Mephitic Cloud                 Conjuration/Poison/Air       3
   c - Olgreb's Toxic Radiance        Poison                       4
   d - Alistair's Intoxication        Transmutation/Poison         5
   e - Venom Bolt                     Conjuration/Poison           5
Comestibles
 c - 2 bread rations
 g - a meat ration


   Skills:
 - Level 2.0 Fighting
 * Level 7.7 Maces & Flails
 - Level 1.7 Dodging
 - Level 1.5 Stealth
 - Level 2.4 Spellcasting
 - Level 2.9 Poison Magic


You had 8 spell levels left.
You knew the following spells:

 Your Spells              Type           Power        Failure   Level  Hunger
a - Sting                 Conj/Pois      #...         17%         1    ##.....


Dungeon Overview and Level Annotations

Branches:
Dungeon (4/15)
 Temple: D:4-7

Altars:
Xom

Shops:
D:4 %

Annotations:
D:2 exclusion: 3 adders
D:3 p0werm0de's ghost, amateur DsBe
D:4 Eustachio


Innate Abilities, Weirdness & Mutations

You are too large for most types of armour.
You have tough skin. (AC +1)


Message History

Confirm with . or Enter, or press ? or * to list all spells.
Aiming: Sting
Press: ? - help, Shift-Dir - straight line, f/p - orc priest
Aim: an orc priest, wielding an enchanted short sword (heavily wounded, poisoned)
The sting hits the orc priest.
The orc priest looks even sicker.
The orc priest is severely wounded.
The orc priest casts a cantrip, but nothing happens.
Something hits you.
* * * LOW HITPOINT WARNING * * *
An orc comes into view.
Casting: Sting
Confirm with . or Enter, or press ? or * to list all spells.
Aiming: Sting
Press: ? - help, Shift-Dir - straight line, f/p - orc priest
Aim: an orc priest, wielding an enchanted short sword (severely wounded, poisoned)
The sting hits the orc priest.
The orc priest appears unharmed.
The orc priest is severely wounded.
The orc priest calls down the wrath of Beogh upon you.
Beogh smites you!
You die...

.....##.# .....##.#
########..##.#
..........##.#
.............# #.
#.#.######..#### #.
..#.#.......#####.#. ..
#.#.#.............#. #..#
#.#@#.....#.......#.
#..#.##.#.#.....#.#######.
.........o#.....### #.
≈≈.#.##.#.#.....# #.
≈≈≈......o#.....#########.
∩≈≈.......o.o.o...........
.≈≈####.###.....#########.
. #.#################. # #
#...................


You could see an orc priest and 2 orcs.

Vanquished Creatures
  A phantom (D:4)
  A scorpion (D:4)
  A giant frog skeleton (D:4)
  A hound (D:4)
  2 worker ants (D:4)
  2 adders (D:2)
  2 worms
  An orc (D:4)
  2 giant cockroaches
  2 goblins
  7 hobgoblins
  A quokka (D:3)
  5 ball pythons
  A ball python skeleton (D:4)
  3 bats
  2 giant newts
  4 kobolds
  4 rats
42 creatures vanquished.

Notes
Turn   | Place    | Note
-------+----------+-------------------------------------------
     0 | D:1      | Leszczynek the Ogre Venom Mage began the quest for the Orb.
     0 | D:1      | Reached XP level 1. HP: 16/16 MP: 3/3
    71 | D:1      | Reached skill level 1 in Fighting
   174 | D:1      | Reached skill level 1 in Maces & Flails
   286 | D:1      | Reached XP level 2. HP: 18/27 MP: 1/5
   358 | D:2      | dagger of protection is enough to kill me
   358 | D:2      | ugh
   554 | D:2      | Reached skill level 2 in Fighting
   663 | D:1      | Reached skill level 2 in Maces & Flails
  1046 | D:2      | Reached XP level 3. HP: 19/35 MP: 0/6
  1223 | D:2      | Found a shimmering altar of Xom.
  1270 | D:2      | Reached skill level 3 in Maces & Flails
  1632 | D:3      | Noticed p0werm0de's ghost (amateur DsBe)
  1837 | D:4      | Reached skill level 4 in Maces & Flails
  1837 | D:4      | Reached XP level 4. HP: 41/42 MP: 3/7
  1838 | D:4      | Noticed a phantom
  1876 | D:4      | Reached skill level 5 in Maces & Flails
  1876 | D:4      | Reached XP level 5. HP: 14/49 MP: 8/8
  2040 | D:4      | Reached skill level 6 in Maces & Flails
  2162 | D:4      | Noticed Eustachio
  2445 | D:4      | how can he know where i am
  2445 | D:4      | this is stupid
  2485 | D:4      | Killed a phantom
  2485 | D:4      | Reached skill level 7 in Maces & Flails
  2485 | D:4      | Reached XP level 6. HP: 28/57 MP: 9/9
  2565 | D:4      | Found Kic Oxkucu's Food Shoppe.
  2582 | D:4      | Killed from afar by an orc priest

Vault maps used:
D:1:      lemuel_arrival_hallway
D:2:      xom_butterflies, st_stairs_13, minmay_misc_feat_four_crosses,
          minmay_snake_closets
D:3:      first_bread
D:4:      serial_shops, nicolae_shop_waterfront, tgw_kikubaaqudgha,
          uniq_eustachio

Skill      XL: |  1  2  3  4  5 |
---------------+----------------+-----
Fighting       | 1 2 |  2.0
Maces & Flails | 1 2 4 5 7 |  7.7
Dodging        | |  1.7
Stealth        | |  1.5
Spellcasting   | |  2.4
Poison Magic   | |  2.9

Action                   |  1- 3 |  4- 6 || total
-------------------------+-------+-------++-------
Melee: Whip              |    46 |       ||    46
       Club              |     3 |       ||     3
       Mace              |    32 |    36 ||    68
 Cast: Sting             |    70 |    32 ||   102
Evoke: Wand              |       |     8 ||     8
  Use: Scroll            |     1 |     4 ||     5
       Potion            |       |     4 ||     4
 Stab: Sleeping          |     1 |       ||     1
  Eat: Chunk             |     5 |     3 ||     8
Armor: Robe              |    24 |     7 ||    31
       Skin              |       |     3 ||     3
Dodge: Dodged            |    52 |    18 ||    70
